 Dungeon Crawl Stone Soup version 0.29-a0-82-g837932c90e (webtiles) character file.

Game seed: 14298831203844195060

1176 bande the Covered (level 8, -4/48 HPs)
             Began as a Gargoyle Fighter on Feb 4, 2022.
             Was a Follower of Okawaru.
             Slain by an orc warrior (14 damage)
             ... on level 7 of the Dungeon.
             The game lasted 00:09:58 (9220 turns).

bande the Covered (Gargoyle Fighter)                Turns: 9220, Time: 00:09:59

Health: -4/48      AC: 13    Str: 19    XL:     8   Next: 41%
Magic:  10/10      EV:  9    Int: 10    God:    Okawaru [*.....]
Gold:   322        SH:  5    Dex: 11    Spells: 7/7 levels left

rFire   . . .      SeeInvis .   t - +2 hand axe (elec)
rCold   . . .      Faith    .   c - +0 buckler
rNeg    + . .      Spirit   .   b - +0 scale mail
rPois   ∞          Reflect  .   (no helmet)
rElec   +          Harm     .   (no cloak)
rCorr   .          Rampage  .   (no gloves)
Will    .....                   (no boots)
Stlth   ..........              (no amulet)
HPRegen 0.16/turn               (no ring)
MPRegen 0.12/turn               (no ring)

@: no status effects
A: sickness immunity, AC +5, negative energy resistance 1, electricity
resistance, torment resistance 1, petrification resistance
a: Renounce Religion, Heroism


You were on level 7 of the Dungeon.
You worshipped Okawaru.
Okawaru was aware of your devotion.
You visited 1 branch of the dungeon, and saw 7 of its levels.

You collected 322 gold pieces.

Inventory:

Hand Weapons
 a - a +0 war axe
 h - the +8 flail of the Middle {flame, +Blink Str+2}
   (You found it on level 3 of the Dungeon)

   It burns those it strikes, dealing additional fire damage.
   Str:       It affects your strength (+2).
   +Blink:    It lets you blink.
 t - a +2 hand axe of electrocution (weapon)
Armour
 b - a +0 scale mail (worn)
 c - a +0 buckler (worn)
Wands
 k - a wand of paralysis (9)
 o - a wand of polymorph (10)
 p - a wand of acid (4)
Scrolls
 f - a scroll of silence
 m - 2 scrolls of fear
 n - 3 scrolls of teleportation
 q - 2 scrolls of identify
Potions
 d - a potion of might
 e - a potion of invisibility
 g - a potion of mutation {unknown}
 j - 3 potions of curing
 l - a potion of lignification {unknown}
 r - 2 potions of haste
 s - a potion of attraction {unknown}


   Skills:
 + Level 4.8 Fighting
 + Level 5.2 Axes
 + Level 6.1 Armour
 + Level 4.8 Shields
 * Level 3.1 Invocations
 * Level 2.6 Evocations


You had 7 spell levels left.
You didn't know any spells.
Your spell library contained the following spells:

 Spells                   Type           Power      Damage    Failure   Level
 Beastly Appendage        Tmut           0%         N/A       80%         1
 Shock                    Conj/Air       0%         1d3       80%         1
 Static Discharge         Conj/Air       0%         N/A       90%         2
 Wereblood                Tmut           0%         N/A       90%         2
 Ozocubu's Armour         Ice            0%         N/A       99%         3
 Spider Form              Tmut/Pois      0%         N/A       99%         3
 Swiftness                Air            0%         N/A       99%         3
 Airstrike                Air            0%         N/A       100%        4
 Dispel Undead            Necr           0%         3d6       100%        4
 Sticky Flame             Conj/Fire      0%         2d3       100%        4
 Ozocubu's Refrigeration  Ice            0%         4d5       100%        7


Dungeon Overview and Level Annotations

Branches:
Dungeon (7/15)             Temple (0/1) D:4

Altars:
Okawaru

Shops:
D:4 (

Annotations:
D:5 2 transporters, blackman's ghost, weakling HuDe


Innate Abilities, Weirdness & Mutations

You are immune to sickness and miasma.
Your stone body is resilient. (AC +5)
You are immune to poison.
You resist negative energy. (rN+)
You are resistant to electric shocks. (rElec)
You are resistant to unholy torment.
You are immune to petrification.


Message History

You climb downwards.
You hear the hiss of flowing sand.
There is an entrance to an ossuary on this level.
Hurry and find it before the portal is buried!
The shadow imp shouts, "Flee, thou froward guts-griping bloater!"
There is a stone staircase leading up here.
You hit the orc warrior but do no damage.
The orc warrior is lightly wounded.
The orc warrior barely misses you.
You hit the orc warrior.
Lightning courses through the orc warrior!
The orc warrior is heavily wounded.
The orc warrior hits you with a +0 flail!
You hit the orc warrior.
The orc warrior is severely wounded.
The orc warrior hits you but does no damage.
You barely miss the orc warrior.
The orc warrior is severely wounded.
The orc warrior hits you with a +0 flail!
* * * LOW HITPOINT WARNING * * *
The shadow imp gestures at you. Pain shoots through your body!
* * * LOW HITPOINT WARNING * * *
You feel better.
The orc warrior hits you but does no damage.
You feel better.
The orc warrior hits you with a +0 flail.
You closely miss the orc warrior.
The orc warrior is severely wounded.
The orc warrior hits you with a +0 flail.
* * * LOW HITPOINT WARNING * * *
You barely miss the orc warrior.
The orc warrior is severely wounded.
The orc warrior hits you but does no damage.
The shadow imp gestures at you. Pain shoots through your body!
* * * LOW HITPOINT WARNING * * *
You hit the orc warrior but do no damage.
The orc warrior is severely wounded.
The orc warrior hits you with a +0 flail!
You die...

###### +#
#....# ...
#....# ....
#....#
.....##....#
.....5..o..#
#@...#
#....#
.....#
......#
.####### #.
#


You could see an orc warrior and a shadow imp.

Vanquished Creatures
  Sigmund (D:6)
  2 water moccasins
  A sky beast (D:6)
  An ogre (D:6)
  A scorpion (D:4)
  A bullfrog zombie (D:6)
  An orc priest (D:5)
  A hound (D:5)
  2 jellies (D:4)
  A centaur skeleton (D:5)
  3 iguanas
  A scorpion zombie (D:3)
  An orc wizard (D:6)
  A hound skeleton (D:4)
  8 adders
  8 gnolls
  A worm (D:2)
  3 dart slugs
  15 orcs
  9 ball pythons
  7 endoplasms
  3 giant cockroaches
  6 goblins
  10 hobgoblins
  6 jackals
  7 kobolds
  5 quokkas
  6 bats
  5 frilled lizards
  6 rats
123 creatures vanquished.

Vanquished Creatures (others)
  A plant (D:3)
1 creature vanquished.

Grand Total: 124 creatures vanquished

Notes
Turn   | Place    | Note
-------+----------+-------------------------------------------
     0 | D:1      | bande the Gargoyle Fighter began the quest for the Orb.
     0 | D:1      | Reached XP level 1. HP: 14/14 MP: 1/1
    57 | D:1      | Reached XP level 2. HP: 18/19 MP: 2/2
    68 | D:1      | Found a faded altar of an unknown god.
   587 | D:1      | Reached XP level 3. HP: 24/24 MP: 3/3
  1581 | D:3      | Reached XP level 4. HP: 4/29 MP: 4/4
  2777 | D:2      | Reached skill level 4 in Armour
  3039 | D:3      | Reached XP level 5. HP: 26/33 MP: 5/5
  3499 | D:3      | Identified the +8 flail of the Middle {flame, +Blink Str+2}
  4130 | D:4      | Found an iron altar of Okawaru.
  4141 | D:4      | Became a worshipper of Warmaster Okawaru
  4148 | D:4      | Reached XP level 6. HP: 26/38 MP: 6/6
  4301 | D:4      | Found a staircase to the Ecumenical Temple.
  4503 | D:4      | Reached skill level 1 in Invocations
  4751 | D:4      | Found Rasyaz's Antique Weapon Shoppe.
  5230 | D:5      | Entered Level 5 of the Dungeon
  5230 | D:5      | Noticed a water moccasin
  5246 | D:4      | Killed a water moccasin
  5246 | D:4      | Reached * piety under Okawaru
  5247 | D:4      | Reached skill level 1 in Evocations
  5247 | D:4      | Reached XP level 7. HP: 23/44 MP: 6/8
  6106 | D:5      | Found a transporter.
  6106 | D:5      | Noticed blackman's ghost (weakling HuDe)
  6164 | D:5      | Reached skill level 5 in Armour
  6368 | D:5      | Noticed a small abomination
  6382 | D:5      | Found a transporter.
  7613 | D:6      | Reached XP level 8. HP: 33/48 MP: 9/9
  7818 | D:6      | Noticed Sigmund
  7825 | D:6      | Killed Sigmund
  7826 | D:6      | Reached skill level 5 in Axes
  8243 | D:6      | Found a runed translucent door.
  8541 | D:6      | Reached skill level 6 in Armour
  9220 | D:7      | Slain by an orc warrior

Illustrated notes

Levels and vault maps discovered:
D:1:      eino_arrival_tree_alley, layout_loops_cross,
          hellmonk_ecumenical_altar_blasted
D:2:      layout_loops_cross, serial_rivers, chequers_serial_rivers_micro_b,
          chequers_serial_rivers_small_b, chequers_serial_rivers_small_b,
          chequers_serial_rivers_small_b, chequers_serial_rivers_marsh
D:3:      minmay_diamond_boxcup, layout_basic, minmay_misc_feat_plants,
          grunt_decor_resistance, serial_bayou_lagoon_a, grunt_ministairs_14
D:4:      layout_basic, kennysheep_okawaru_gauntlet,
          minmay_temple_entry_offerings, serial_shops,
          nicolae_shop_behind_doors, minmay_checkerbox
D:5:      layout_loops_corners, gammafunk_ghost_abyssal_escape,
          minmay_misc_feat_rows, minmay_holes, kennysheep_big_empty_room,
          hellmonk_bongcloud_opening
D:6:      nicolae_cairo_tiling, layout_loops_ring, lightli_church_of_beogh,
          uniq_sigmund
D:7:      layout_gridville, enter_ossuary_2, kennysheep_generic_room_14

Skill      XL: |  1  2  3  4  5  6  7  8 |
---------------+-------------------------+-----
Axes           | 2 3 4 5 |  5.2
Fighting       | 4 |  4.8
Armour         | 4 5 6 |  6.1
Shields        | 4 |  4.8
Invocations    | 1 2 3 |  3.1
Evocations     | 1 2 |  2.6

Action                   |  1- 3 |  4- 6 |  7- 9 || total
-------------------------+-------+-------+-------++-------
Melee: War axe           |   104 |    91 |       ||   195
       Hand axe          |       |   112 |   155 ||   267
  Use: Scroll            |     4 |     1 |     3 ||     8
       Potion            |       |       |     3 ||     3
Armor: Scale mail        |    55 |    90 |    79 ||   224
Dodge: Dodged            |    72 |   104 |    63 ||   239
Block: Buckler           |    25 |    59 |    43 ||   127

Table legend: (Time is in decaauts)
 A = Elapsed time spent in this place.
 B = Non-inter-level travel time spent in this place.
 C = Inter-level travel time spent in this place.
 D = Time resting spent in this place.
 E = Time spent auto-exploring this place.
 F = Levels seen in this place.
 G = Mean time per level.
                   A        B        C        D        E       F      G
               +--------+--------+--------+--------+--------+-----+--------+
         Total |   9339 |   9282 |     57 |   3330 |   4690 |   7 | 1334.1 |
       Dungeon |   9339 |   9282 |     57 |   3330 |   4690 |   7 | 1334.1 |
               +--------+--------+--------+--------+--------+-----+--------+

Top non-repeatable levels by time:
     D:5: 2048 daAuts
     D:3: 1903 daAuts
     D:6: 1686 daAuts
     D:4: 1451 daAuts
     D:2: 1173 daAuts
     D:1: 1066 daAuts
     D:7: 9 daAuts
